 Dungeon Crawl Stone Soup version 0.30-a0-389-g8d7d949f56 (webtiles) character file.

Game seed: 15657837344334338158

14 wilsonr the Grave Robber (level 2, -1/20 HPs)
             Began as a Ghoul Necromancer on Dec 4, 2022.
             Slain by a jackal (3 damage)
             ... on level 1 of the Dungeon.
             The game lasted 00:05:37 (273 turns).

wilsonr the Grave Robber (Ghoul Necromancer)         Turns: 273, Time: 00:05:38

Health: -1/20      AC:  2    Str: 11    XL:     2   Next: 41%
Magic:  2/3        EV: 12    Int: 10    God:
Gold:   36         SH:  0    Dex:  9    Spells: 3/4 levels left

rFire   . . .      SeeInvis .    d - +4 mace
rCold   + . .      Faith    .    (no shield)
rNeg    + + +      Spirit   .    a - +0 robe
rPois   ∞          Reflect  .    (no helmet)
rElec   .          Harm     .    (no cloak)
rCorr   .          Rampage  .    (no gloves)
Will    .....                    (no boots)
Stlth   ++........               (no amulet)
HPRegen 0.00/turn                (no ring)
MPRegen 0.08/turn                (no ring)

@: inhibited regen
A: claws 1, cold resistance 1, negative energy resistance 3, inhibited
regeneration, torment resistance 2, devour on kill
a: no special abilities


You were on level 1 of the Dungeon.
You visited 1 branch of the dungeon, and saw 1 of its levels.

You collected 36 gold pieces.

Inventory:

Hand Weapons
 b - a +0 falchion
 d - a +4 mace (weapon)
 f - a +0 dagger
Armour
 a - a +0 robe (worn)
 e - a +0 leather armour


   Skills:
 + Level 1.7 Dodging
 + Level 2.3 Stealth
 + Level 1.9 Spellcasting
 + Level 4.4 Necromancy


You had 3 spell levels left.
You knew the following spells:

 Your Spells              Type           Power      Damage    Failure   Level
a - Necrotise             Necr           36%        1d5       4%          1

Your spell library contained the following spells:

 Spells                   Type           Power      Damage    Failure   Level
 Vampiric Draining        Necr           9%         2d6       16%         3
 Animate Dead             Necr           9%         N/A       45%         4
 Agony                    Necr           9%         N/A       80%         5


Dungeon Overview and Level Annotations

Branches:
Dungeon (1/15)

Altars:


Innate Abilities, Weirdness & Mutations

You are immune to poison.
You have sharp fingernails.
Your flesh is cold resistant. (rC+)
You are immune to negative energy. (rN+++)
You do not regenerate when monsters are visible.
You are immune to unholy pain and torment.
You thrive by killing the living.


Message History

The jackal barely misses you.
Your jackal skeleton closely misses the jackal.
The jackal barely misses you. The jackal closely misses you.
Your jackal skeleton closely misses the jackal.
You closely miss the jackal.
The jackal is almost dead.
The jackal misses you. The jackal barely misses you.
Your jackal skeleton closely misses the jackal.
The jackal barely misses you. The jackal bites you.
You closely miss the jackal.
The jackal is almost dead.
Your jackal skeleton closely misses the jackal.
The jackal bites you but does no damage.
The jackal bites you.
Your jackal skeleton completely misses the jackal.
The jackal bites you. The jackal barely misses you.
You barely miss the jackal.
The jackal is almost dead.
The jackal bites you. The jackal barely misses you.
Your jackal skeleton bites the jackal but does no damage.
The jackal closely misses you.
Your jackal skeleton closely misses the jackal.
The jackal barely misses you. The jackal attacks as you move away!
The jackal misses you. The jackal bites you.
Your jackal skeleton completely misses the jackal.
The jackal attacks as you move away! The jackal barely misses you.
Your jackal skeleton barely misses the jackal.
The jackal bites you.
* * * LOW HITPOINT WARNING * * *
The jackal attacks as you move away! The jackal closely misses you.
Your jackal skeleton barely misses the jackal.
The jackal completely misses you. The jackal attacks as you move away!
The jackal bites you.
* * * LOW HITPOINT WARNING * * *
Your jackal skeleton bites the jackal but does no damage.
The jackal attacks as you move away! The jackal bites you.
* * * LOW HITPOINT WARNING * * *
The jackal attacks as you move away! The jackal bites you.
You die...

g... >.... .....
....######## #.........#
#.......##### ###
#.......#...##...#
##...†.h..........
##....Z.h@.........
########...............?..
..[....(..................
####.#####................
...# #......#...##...#
..#### #.>....##### #### #
########


You could see 2 jackals and a friendly jackal skeleton.

Vanquished Creatures
  A ball python (D:1)
  An endoplasm (D:1)
  A goblin (D:1)
  2 hobgoblins (D:1)
  2 jackals (D:1)
  2 bats (D:1)
  A frilled lizard (D:1)
  A kobold (D:1)
11 creatures vanquished.

Vanquished Creatures (collateral kills)
  A bat (D:1)
  A frilled lizard (D:1)
2 creatures vanquished.

Grand Total: 13 creatures vanquished

Notes
Turn   | Place    | Note
-------+----------+-------------------------------------------
     0 | D:1      | wilsonr the Ghoul Necromancer began the quest for the Orb.
     0 | D:1      | Reached XP level 1. HP: 14/14 MP: 2/2
    74 | D:1      | Found a faded altar of an unknown god.
   177 | D:1      | Reached XP level 2. HP: 20/20 MP: 0/3
   273 | D:1      | Slain by a jackal

Illustrated notes

Levels and vault maps discovered:
D:1:      spicycebolla_green_bress_n_ham, layout_rooms,
          ebering_ecumenical_altar_webs, minmay_misc_feat_pillars

Action                   || total
-------------------------++-------
Melee: Unarmed           ||     7
       Mace              ||     8
       Punch             ||     1
 Cast: Necrotise         ||    13
  Use: Scroll            ||     1
       Potion            ||     1
Armor: Robe              ||    11
Dodge: Dodged            ||    52

Table legend: (Time is in decaauts)
 A = Elapsed time spent in this place.
 B = Non-inter-level travel time spent in this place.
 C = Inter-level travel time spent in this place.
 D = Time resting spent in this place.
 E = Time spent auto-exploring this place.
 F = Levels seen in this place.
 G = Mean time per level.
                   A        B        C        D        E       F      G
               +--------+--------+--------+--------+--------+-----+--------+
         Total |    275 |    140 |    135 |      0 |      0 |   1 |  275.0 |
       Dungeon |    275 |    140 |    135 |      0 |      0 |   1 |  275.0 |
               +--------+--------+--------+--------+--------+-----+--------+

Top non-repeatable levels by time:
     D:1: 275 daAuts
